 Dungeon Sprint DCSS version 0.30.0-29-ga12c61a403 (webtiles) character file.

Game seed: 15576834106561035820

12400000 Revguard the Invulnerable (level 27, -8/292 HPs)
             Began as an Armataur Gladiator on June 19, 2023.
             Was the Champion of Makhleb.
             Killed from afar by a scourge (39 damage)
             ... with a bolt of poison
             ... in the Dungeon (Sprint VIII: "Arena of Blood").
             The game lasted 00:11:22 (124 turns).

Revguard the Invulnerable (Armataur Gladiator)       Turns: 124, Time: 00:11:22

Health: -8/292     AC: 10    Str: 21    XL:     27
Magic:  27/54      EV: 31    Int: 10    God:    Makhleb [******]
Gold:   0          SH:  0    Dex: 23    Spells: 80/80 levels left

rFire   . . .        l - +∞ Axe of Woe
rCold   . . .        (shield currently unavailable)
rNeg    . . .        b - +0 leather armour
rPois   .            c - +0 helmet
rElec   .            (no cloak)
rCorr   .            (no gloves)
SInv    .            (no barding)
Will    ++...        (no amulet)
Stlth   ++++++++++   (no ring)
HPRegen 0.68/turn    (no ring)
MPRegen 0.34/turn

%: no teleportation, roll
@: lethally poisoned (-8 -> -40), slowed, very slow
A: large, rugged brown scales 3, deformed body, armoured tail, roll, long
tongue, awkward tongue
a: Renounce Religion, Minor Destruction, Lesser Servant of Makhleb, Major
Destruction, Greater Servant of Makhleb


You were in the Dungeon.
You worshipped Makhleb.
Makhleb was exalted by your worship.
You visited 1 branch

Inventory:

Hand Weapons
 a - a +0 war axe
 l - the +∞ Axe of Woe (weapon)
   (You found it in the Dungeon)
Missiles
 d - 3 throwing nets (quivered)
 e - a javelin
Armour
 b - a +0 leather armour (worn)
 c - a +0 helmet (worn)
Scrolls
 k - a scroll of blinking
Potions
 f - a potion of curing
 g - a potion of heal wounds
 h - a potion of haste
 i - 2 potions of magic
 j - a potion of berserk rage


   Skills:
 O Level 27 Fighting
 O Level 27 Short Blades
 O Level 27 Long Blades
 O Level 27 Axes
 O Level 27 Maces & Flails
 O Level 27 Polearms
 O Level 27 Staves
 O Level 27 Ranged Weapons
 O Level 27 Throwing
 O Level 27 Armour
 O Level 27 Dodging
 O Level 27 Stealth
 O Level 27 Shields
 O Level 27 Unarmed Combat
 O Level 27 Spellcasting
 O Level 27 Conjurations
 O Level 27 Hexes
 O Level 27 Summonings
 O Level 27 Necromancy
 O Level 27 Translocations
 O Level 27 Transmutations
 O Level 27 Fire Magic
 O Level 27 Ice Magic
 O Level 27 Air Magic
 O Level 27 Earth Magic
 O Level 27 Poison Magic
 O Level 27 Invocations
 O Level 27 Evocations


You had 80 spell levels left.
You didn't know any spells.
Your spell library was empty.

Dungeon Overview and Level Annotations

Branches:
Dungeon (1/1)

Altars:
Makhleb


Innate Abilities, Weirdness & Mutations

You are completely covered in rugged brown scales. (AC +3, +7% HP)
Armour fits poorly on your strangely shaped body.
You have a long armoured tail.
You roll when moving toward enemies. (Rampage)
Your long tongue fully drains potion bottles. (2x potion effects)
Your tongue gives you trouble enunciating. (1.5x scroll delay)


Message History

You roll towards the fleshlord!
You slice the fleshlord like a ripe choko!!!
You chop the fleshlord into pieces.
You kill the fleshlord!
Makhleb accepts your kill.
You feel better.
You hear a shout! x3
The scourge throws poison sting at you. The poison arrow misses you.
You hear a shout!
The dread throws damnation at you.
The sphere of damnation explodes!
The damnation engulfs you!!
* * * LOW HITPOINT WARNING * * *
The scourge throws poison at you. The bolt of poison misses you.
You hear a shout! x2
You slice the scourge like a ripe choko!!!
You butcher the scourge messily.
You kill the scourge!
Makhleb accepts your kill.
You feel better.
You hear two shouts!
You hear a shout! x9
A large bag of meat comes into view. It is wielding a +9 giant spiked club.
A bag of meat comes into view. It is wielding a +9 war axe.
You hear a shout! x5
The fleshlord appears out of thin air!
A fleshlord comes into view. It is wielding a +9 great mace.
The fleshlord appears out of thin air!
A fleshlord comes into view. It is wielding a +9 great mace.
You hear a shout! x3
The dread calls on the powers of darkness!
The scourge convulses! x2; Your body is wracked with pain!
* * * LOW HITPOINT WARNING * * *
The fleshlord convulses!
The fleshlord shouts!
You hear a shout! x3
The scourge throws poison at you.
The bolt of poison hits the accursed.
The accursed completely resists.
The bolt of poison hits you!!!
You are lethally poisoned!
You die...

## ###p... .=.
####........ .. ..
####..........##.##.##
###....... ........ ....
.........####.....##.##M
......p.#...............
.......@.#.....))...#.#.
......))M#....°)..).....
....###.))#.)))S)§§.....
..###o☼§WSS#°)))°)).)...
.#..D☼○)°))).†)).§§°°...
.....#☼.°)))))....)))...
......#....))..#.......#
..o......#.....#.....).#
.O....#......###....).)#


You could see an accursed, 2 scourges, 2 fleshlords and a dread.

Vanquished Creatures
  A hell knight (D)
  7 hell beasts (D)
  7 royal mummies (D)
  5 great orbs of eyes (D)
  4 wraiths (D)
  12 vampire knights (D)
  42 ogres (D)
  8 two-headed ogres (D)
  13 liches (D)
  A hydra (D)
  5 phantoms (D)
  92 orcs (D)
  8 skeletal warriors (D)
  2 sea snakes (D)
207 creatures vanquished.

Vanquished Creatures (others)
  2 two-headed ogres (D)
  A hydra (D)
  2 orcs (D)
5 creatures vanquished.

Grand Total: 212 creatures vanquished

Notes
Turn   | Place    | Note
-------+----------+-------------------------------------------
     0 | D        | Found the +∞ Axe of Woe
     0 | D        | Revguard the Armataur Gladiator began the quest for the
                  | Orb.
     0 | D        | Reached XP level 1. HP: 18/18 MP: 1/1
     1 | D        | Noticed a bag of meat
     2 | D        | Noticed a bag of meat
     3 | D        | Became a worshipper of Makhleb the Destroyer
     3 | D        | Noticed a bag of meat
     4 | D        | Noticed a bag of meat
     4 | D        | Noticed a bag of meat
     4 | D        | Noticed a bag of meat
     5 | D        | Noticed a bag of meat
     6 | D        | Noticed a bag of meat
     7 | D        | Killed a bag of meat
     8 | D        | Reached skill level 10 in Axes
     8 | D        | Reached XP level 2. HP: 42/42 MP: 1/8
     8 | D        | Reached XP level 3. HP: 50/50 MP: 1/10
     8 | D        | Reached XP level 4. HP: 58/58 MP: 1/11
     8 | D        | Reached XP level 5. HP: 64/64 MP: 1/13
     8 | D        | Reached XP level 6. HP: 72/72 MP: 1/14
     8 | D        | Reached XP level 7. HP: 79/79 MP: 1/15
     8 | D        | Reached XP level 8. HP: 87/87 MP: 1/16
     8 | D        | Reached XP level 9. HP: 95/95 MP: 1/17
     8 | D        | Reached XP level 10. HP: 101/101 MP: 1/18
     9 | D        | Killed a bag of meat
     9 | D        | Reached * piety under Makhleb
     9 | D        | Noticed a bag of meat
    10 | D        | Reached skill level 10 in Dodging
    10 | D        | Reached XP level 11. HP: 75/112 MP: 1/21
    10 | D        | Noticed a meat berserker
    10 | D        | Killed a bag of meat
    10 | D        | Killed a bag of meat
    10 | D        | Killed a bag of meat
    10 | D        | Reached ** piety under Makhleb
    10 | D        | Killed a bag of meat
    10 | D        | Noticed a meat berserker
    10 | D        | Noticed a meat berserker
    10 | D        | Noticed a bag of meat
    10 | D        | Noticed a bag of meat
    10 | D        | Noticed a meat berserker
    11 | D        | Reached skill level 15 in Axes
    11 | D        | Reached XP level 12. HP: 130/130 MP: 1/24
    11 | D        | Reached XP level 13. HP: 136/136 MP: 1/25
    11 | D        | Killed a bag of meat
    11 | D        | Noticed a bag of meat
    11 | D        | Noticed a meat berserker
    11 | D        | Noticed a bag of meat
    11 | D        | Noticed a bag of meat
    12 | D        | Reached XP level 14. HP: 147/147 MP: 1/27
    12 | D        | Killed a meat berserker
    12 | D        | Reached *** piety under Makhleb
    12 | D        | Noticed a bag of meat
    13 | D        | Reached skill level 15 in Dodging
    13 | D        | Killed a bag of meat
    14 | D        | Killed a meat berserker
    14 | D        | Killed a meat berserker
    14 | D        | Reached **** piety under Makhleb
    14 | D        | Killed a meat berserker
    14 | D        | Noticed a bag of meat
    14 | D        | Noticed a bag of meat
    14 | D        | Noticed a bag of meat
    14 | D        | Noticed a bag of meat
    15 | D        | Reached XP level 15. HP: 129/167 MP: 2/30
    15 | D        | Reached XP level 16. HP: 136/176 MP: 2/31
    15 | D        | Killed a meat berserker
    15 | D        | Reached ***** piety under Makhleb
    16 | D        | Reached skill level 27 in Armour
    16 | D        | Noticed a meat berserker
    18 | D        | Killed a meat berserker
    19 | D        | Reached XP level 17. HP: 195/195 MP: 3/34
    19 | D        | Noticed a meat berserker
    19 | D        | Noticed a meat berserker
    21 | D        | Reached skill level 27 in Invocations
    21 | D        | Reached ****** piety under Makhleb
    22 | D        | Noticed a large bag of meat
    23 | D        | Killed a meat berserker
    23 | D        | Killed a meat berserker
    23 | D        | Noticed a meat berserker
    24 | D        | Reached skill level 27 in Fighting
    24 | D        | Reached XP level 18. HP: 214/214 MP: 4/35
    24 | D        | Noticed a meat berserker
    25 | D        | Noticed a destroyer
    25 | D        | Noticed a large bag of meat
    26 | D        | Reached skill level 27 in Axes
    26 | D        | Noticed a destroyer
    26 | D        | Noticed a destroyer
    27 | D        | Killed a destroyer
    28 | D        | Reached skill level 27 in Dodging
    28 | D        | Killed a destroyer
    29 | D        | Reached skill level 5 in Stealth
    29 | D        | Reached skill level 5 in Shields
    29 | D        | Reached XP level 19. HP: 221/221 MP: 5/36
    30 | D        | Reached skill level 5 in Long Blades
    30 | D        | Reached skill level 5 in Throwing
    30 | D        | Reached skill level 5 in Translocations
    30 | D        | Reached skill level 5 in Transmutations
    30 | D        | Reached skill level 5 in Fire Magic
    30 | D        | Reached skill level 5 in Evocations
    30 | D        | Killed a meat berserker
    31 | D        | Reached skill level 5 in Short Blades
    31 | D        | Reached skill level 5 in Unarmed Combat
    31 | D        | Reached skill level 5 in Spellcasting
    31 | D        | Reached skill level 5 in Conjurations
    31 | D        | Reached skill level 5 in Hexes
    31 | D        | Reached skill level 5 in Summonings
    31 | D        | Reached skill level 5 in Necromancy
    31 | D        | Reached skill level 5 in Ice Magic
    31 | D        | Reached skill level 5 in Air Magic
    31 | D        | Reached skill level 5 in Earth Magic
    31 | D        | Reached skill level 5 in Poison Magic
    31 | D        | Killed a large bag of meat
    32 | D        | Reached skill level 5 in Ranged Weapons
    32 | D        | Noticed a large bag of meat
    32 | D        | Noticed a destroyer
    33 | D        | Killed a meat berserker
    34 | D        | Killed a destroyer
    35 | D        | Reached skill level 10 in Shields
    35 | D        | Reached XP level 20. HP: 231/231 MP: 6/37
    35 | D        | Noticed a meat berserker
    36 | D        | Killed a destroyer
    36 | D        | Noticed a meat berserker
    37 | D        | Reached skill level 10 in Translocations
    37 | D        | Reached skill level 10 in Evocations
    37 | D        | Killed a large bag of meat
    37 | D        | Killed a large bag of meat
    38 | D        | Reached skill level 10 in Short Blades
    38 | D        | Reached skill level 10 in Long Blades
    38 | D        | Reached skill level 10 in Throwing
    38 | D        | Reached skill level 10 in Unarmed Combat
    38 | D        | Reached skill level 10 in Conjurations
    38 | D        | Reached skill level 10 in Hexes
    38 | D        | Reached skill level 10 in Transmutations
    38 | D        | Reached skill level 10 in Fire Magic
    38 | D        | Reached skill level 10 in Ice Magic
    38 | D        | Reached skill level 10 in Air Magic
    38 | D        | Reached skill level 10 in Earth Magic
    38 | D        | Reached skill level 10 in Poison Magic
    38 | D        | Noticed a destroyer
    38 | D        | Noticed a meat berserker
    38 | D        | Noticed a meat berserker
    39 | D        | Killed a meat berserker
    39 | D        | Noticed a large bag of meat
    40 | D        | Reached skill level 10 in Spellcasting
    40 | D        | Reached skill level 10 in Summonings
    40 | D        | Reached skill level 10 in Necromancy
    40 | D        | Reached XP level 21. HP: 239/239 MP: 7/38
    43 | D        | Reached skill level 10 in Ranged Weapons
    43 | D        | Reached skill level 15 in Stealth
    47 | D        | Noticed a tyrant
    48 | D        | Reached skill level 15 in Shields
    48 | D        | Noticed an accursed
    48 | D        | Killed an accursed
    49 | D        | Reached skill level 15 in Translocations
    49 | D        | Reached skill level 15 in Evocations
    49 | D        | Reached XP level 22. HP: 126/249 MP: 9/39
    52 | D        | Reached skill level 15 in Short Blades
    52 | D        | Reached skill level 15 in Long Blades
    52 | D        | Reached skill level 15 in Throwing
    52 | D        | Reached skill level 15 in Unarmed Combat
    52 | D        | Reached skill level 15 in Conjurations
    52 | D        | Reached skill level 15 in Hexes
    52 | D        | Reached skill level 15 in Transmutations
    52 | D        | Reached skill level 15 in Fire Magic
    52 | D        | Reached skill level 15 in Ice Magic
    52 | D        | Reached skill level 15 in Air Magic
    52 | D        | Reached skill level 15 in Earth Magic
    52 | D        | Reached skill level 15 in Poison Magic
    53 | D        | Reached XP level 23. HP: 250/256 MP: 9/41
    53 | D        | Noticed an accursed
    53 | D        | Noticed an accursed
    53 | D        | Killed an accursed
    53 | D        | Noticed a destroyer
    54 | D        | Reached skill level 15 in Spellcasting
    54 | D        | Reached skill level 15 in Summonings
    54 | D        | Reached skill level 15 in Necromancy
    54 | D        | Killed a tyrant
    56 | D        | Noticed a tyrant
    57 | D        | Killed a destroyer
    58 | D        | Reached skill level 15 in Ranged Weapons
    58 | D        | Reached XP level 24. HP: 254/266 MP: 10/43
    60 | D        | Noticed a tyrant
    60 | D        | Noticed a large bag of meat
    64 | D        | Noticed a meat beast
    65 | D        | Noticed a large bag of meat
    66 | D        | Killed a large bag of meat
    67 | D        | Killed a tyrant
    67 | D        | Noticed a destroyer
    68 | D        | Reached XP level 25. HP: 207/274 MP: 13/45
    68 | D        | Noticed an accursed
    69 | D        | Killed a meat beast
    69 | D        | Noticed a dread
    70 | D        | Killed an accursed
    70 | D        | Noticed a meat beast
    71 | D        | Reached XP level 26. HP: 246/284 MP: 13/46
    71 | D        | Killed a tyrant
    72 | D        | Reached skill level 27 in Stealth
    72 | D        | Noticed a meat beast
    72 | D        | Noticed a dread
    72 | D        | Noticed a meat beast
    73 | D        | Killed a destroyer
    73 | D        | Noticed a destroyer
    74 | D        | Killed a meat beast
    75 | D        | Reached XP level 27. HP: 147/292 MP: 14/48
    75 | D        | Killed a meat beast
    76 | D        | Reached skill level 27 in Shields
    76 | D        | Noticed an accursed
    76 | D        | Killed a meat beast
    76 | D        | Killed an accursed
    76 | D        | Noticed a dread
    79 | D        | Noticed a destroyer
    81 | D        | Reached skill level 27 in Translocations
    81 | D        | Reached skill level 27 in Evocations
    81 | D        | Killed a dread
    82 | D        | Killed a destroyer
    83 | D        | Killed a large bag of meat
    84 | D        | Noticed a destroyer
    85 | D        | Killed a dread
    87 | D        | Killed a destroyer
    88 | D        | Killed a large bag of meat
    88 | D        | Noticed a tyrant
    89 | D        | Noticed an accursed
    89 | D        | Noticed a destroyer
    89 | D        | Noticed a tyrant
    89 | D        | Noticed a large bag of meat
    89 | D        | HP: 9/292 [??? (6)]
    90 | D        | Noticed a meat beast
    90 | D        | Noticed a tyrant
    91 | D        | Killed a destroyer
    92 | D        | Reached skill level 27 in Short Blades
    92 | D        | Reached skill level 27 in Long Blades
    92 | D        | Reached skill level 27 in Throwing
    92 | D        | Reached skill level 27 in Unarmed Combat
    92 | D        | Reached skill level 27 in Conjurations
    92 | D        | Reached skill level 27 in Hexes
    92 | D        | Reached skill level 27 in Transmutations
    92 | D        | Reached skill level 27 in Fire Magic
    92 | D        | Reached skill level 27 in Ice Magic
    92 | D        | Reached skill level 27 in Air Magic
    92 | D        | Reached skill level 27 in Earth Magic
    92 | D        | Reached skill level 27 in Poison Magic
    92 | D        | Noticed a meat beast
    93 | D        | Noticed a tyrant
    93 | D        | Killed a tyrant
    93 | D        | Killed a meat beast
    94 | D        | Reached skill level 27 in Ranged Weapons
    94 | D        | Reached skill level 27 in Spellcasting
    94 | D        | Reached skill level 27 in Summonings
    94 | D        | Reached skill level 27 in Necromancy
    94 | D        | Noticed an accursed
    94 | D        | Killed an accursed
    94 | D        | Noticed a tyrant
    95 | D        | Reached skill level 27 in Staves
    95 | D        | Killed a destroyer
    96 | D        | Killed a tyrant
    96 | D        | Killed a large bag of meat
    97 | D        | Noticed an accursed
    97 | D        | Killed a meat beast
    98 | D        | Noticed a meat beast
    99 | D        | Noticed a tyrant
    99 | D        | Noticed a tyrant
   100 | D        | Killed a tyrant
   101 | D        | Reached skill level 27 in Maces & Flails
   101 | D        | Reached skill level 27 in Polearms
   101 | D        | Killed a meat beast
   101 | D        | Noticed a destroyer
   101 | D        | Noticed a tyrant
   102 | D        | Noticed a tyrant
   102 | D        | Killed a tyrant
   102 | D        | Noticed a tyrant
   102 | D        | Noticed a destroyer
   103 | D        | Noticed a large bag of meat
   104 | D        | Killed an accursed
   104 | D        | Noticed a large bag of meat
   106 | D        | Killed a tyrant
   107 | D        | Killed a tyrant
   107 | D        | Killed a dread
   108 | D        | Killed a destroyer
   109 | D        | Noticed a dread
   110 | D        | Killed a tyrant
   110 | D        | Killed a large bag of meat
   110 | D        | Killed a large bag of meat
   112 | D        | Noticed a dread
   113 | D        | Killed a tyrant
   115 | D        | Killed a tyrant
   115 | D        | Killed a destroyer
   116 | D        | HP: 12/292 [dread/damnation (31)]
   117 | D        | Killed an accursed
   118 | D        | Killed a tyrant
   118 | D        | Noticed a fleshlord
   119 | D        | Killed a dread
   120 | D        | Noticed a fleshlord
   121 | D        | Killed a large bag of meat
   122 | D        | Killed a fleshlord
   123 | D        | Noticed a large bag of meat
   124 | D        | Noticed a fleshlord
   124 | D        | Killed from afar by a scourge

Illustrated notes

Levels and vault maps discovered:
D:        meatsprint

Skill      XL: |  1  2  3  4  5  6  7  8  9 10 11 12 13 14 15 16 17 18 19 20 21 22 23 24 25 26 27 |
---------------+----------------------------------------------------------------------------------+-----
Fighting       | 11 12 16 20 24 27 | 27.0
Axes           | 10 11 15 19 22 26 27 | 27.0
Armour         | 14 16 20 21 25 27 | 27.0
Dodging        | 9 10 13 14 17 21 24 27 | 27.0
Invocations    | 11 13 17 18 22 26 27 | 27.0
Short Blades   | 4 8 11 14 15 17 19 21 22 27 | 27.0
Long Blades    | 4 8 11 14 15 17 19 21 22 27 | 27.0
Ranged Weapons | 3 7 9 12 13 15 16 18 19 27 | 27.0
Throwing       | 4 8 11 14 15 17 19 21 22 27 | 27.0
Stealth        | 5 11 14 17 19 22 24 26 27 | 27.0
Shields        | 5 10 13 16 18 20 22 24 26 27 | 27.0
Unarmed Combat | 4 8 11 14 15 17 19 21 22 27 | 27.0
Spellcasting   | 4 7 10 13 14 16 18 19 21 27 | 27.0
Conjurations   | 4 8 11 14 15 17 19 21 22 27 | 27.0
Hexes          | 4 8 11 14 15 17 19 21 22 27 | 27.0
Summonings     | 4 7 10 13 14 16 17 19 21 27 | 27.0
Necromancy     | 4 7 10 13 14 16 17 19 21 27 | 27.0
Translocations | 4 9 12 15 16 19 21 22 24 27 | 27.0
Transmutations | 4 8 11 14 15 17 19 21 22 27 | 27.0
Fire Magic     | 4 8 11 14 15 17 19 21 22 27 | 27.0
Ice Magic      | 4 8 11 14 15 17 19 21 22 27 | 27.0
Air Magic      | 4 8 11 14 15 17 19 21 22 27 | 27.0
Earth Magic    | 4 8 11 14 15 17 19 21 22 27 | 27.0
Evocations     | 4 9 12 15 16 19 21 22 24 27 | 27.0
Poison Magic   | 3 8 11 13 15 17 19 21 22 27 | 27.0
Staves         | 27 | 27.0
Maces & Flails | 27 | 27.0
Polearms       | 27 | 27.0

Action                     |  1- 3 |  4- 6 |  7- 9 | 10-12 | 13-15 | 16-18 | 19-21 | 22-24 | 25-27 || total
---------------------------+-------+-------+-------+-------+-------+-------+-------+-------+-------++-------
  Melee: Executioner's axe |     1 |       |       |     2 |     4 |    12 |    14 |    17 |    51 ||   101
   Stab: Distracted        |       |       |       |       |       |       |       |       |     1 ||     1
  Dodge: Dodged            |       |       |       |       |       |     1 |     1 |     1 |     6 ||     9
